 Dungeon Crawl Stone Soup version 0.17-a0-777-g32247ce (webtiles) character file.

1194 Gruud the Reanimator (level 8, -3/52 HPs)
             Began as a Demonspawn Necromancer on Apr 23, 2015.
             Was a Priest of Dithmenos.
             Slain by Joseph
             ... wielding a +0 quarterstaff
              (11 damage)
             ... on level 7 of the Dungeon on Apr 25, 2015.
             The game lasted 00:46:20 (4903 turns).

Gruud the Reanimator (Demonspawn Necromancer)       Turns: 4903, Time: 00:46:20

Health: -3/52      AC:  9    Str: 11    XL:     8   Next: 20%
Magic:  11/11      EV: 12    Int: 22    God:    Dithmenos [***...]
Gold:   327        SH:  0    Dex: 13    Spells: 5 memorised, 0 levels left

rFire  + . .     SeeInvis .       - Unarmed
rCold  . . .     Clarity  .     F - +3 ring mail
rNeg   . . .     SustAb   .     (no shield)
rPois  .         Gourm    .     (no helmet)
rElec  .         Spirit   .     (no cloak)
rCorr  .         Warding  .     (no gloves)
rMut   .         Stasis   .     (no boots)
MR     .....                    (no amulet)
Stlth  +.........               (no ring)
                                A - ring of protection from fire

@: brilliant, very slightly contaminated, hasted, wreathed by umbra, very quick,
not resistant to hostile enchantments, very unstealthy
A: claws 1, molten scales 1, foul stench 1, powered by pain 2, rot immunity
a: Shadow Step, Renounce Religion


You were on level 7 of the Dungeon.
You worshipped Dithmenos.
Dithmenos was most pleased with you.
You were hungry.

You visited 1 branch of the dungeon, and saw 7 of its levels.

You collected 327 gold pieces.

Inventory:

Hand weapons
 b - a +0 blowgun
Missiles
 q - 49 poisoned needles
Armour
 y - a +1 ring mail of poison resistance
 F - a +3 ring mail (worn)
Jewellery
 o - an uncursed ring of teleportation
 A - a ring of protection from fire (left claw)
Magical devices
 E - a wand of slowing (19)
Scrolls
 d - a scroll of recharging
 f - a scroll of blinking {unknown}
 k - 3 scrolls of noise {unknown}
 l - a scroll of teleportation
 u - a scroll of magic mapping {unknown}
 v - a scroll of enchant weapon {unknown}
 x - 2 scrolls of identify
 D - a scroll of fog
Potions
 g - a potion of magic
 h - a potion of haste
 i - a potion of lignification {unknown}
 m - 2 potions of flight
 r - a potion of cure mutation {unknown}
 C - a potion of ambrosia {unknown}
Books
 s - a book of Annihilations {highlevel, unknown}

   This book is beyond your current level of understanding.

   Spells                             Type                      Level
   a - Poison Arrow                   Conjuration/Poison           6
   b - Chain Lightning                Conjuration/Air              8
   c - Lehudib's Crystal Spear        Conjuration/Earth            8
   d - Glaciate                       Conjuration/Ice              9
   e - Fire Storm                     Conjuration/Fire             9
 t - a book of Necromancy

   Spells                             Type                      Level
   a - Pain                           Necromancy                   1
   b - Animate Skeleton               Necromancy                   1
   c - Vampiric Draining              Necromancy                   3
   d - Regeneration                   Charms/Necromancy            3
   e - Animate Dead                   Necromancy                   4
   f - Control Undead                 Necromancy                   4
Comestibles
 c - 4 bread rations
 n - 2 slices of pizza
 p - 7 fruits
 w - a royal jelly
 z - 3 meat rations


   Skills:
 + Level 4.6 Dodging
 - Level 1.7 Stealth
 * Level 4.8 Unarmed Combat
 - Level 2.5 Spellcasting
 - Level 8.2 Necromancy


You couldn't memorise any spells.
You knew the following spells:

 Your Spells              Type           Power        Failure   Level  Hunger
a - Pain                  Necr           ####         1%          1    None
b - Animate Skeleton      Necr           N/A          1%          1    None
c - Vampiric Draining     Necr           ######....   1%          3    ###....
d - Regeneration          Chrm/Necr      ####......   2%          3    ###....
e - Animate Dead          Necr           N/A          1%          4    ####...


Dungeon Overview and Level Annotations

Branches:
Dungeon (7/15)             Temple (0/1) D:6

Altars:
Cheibriados
Dithmenos
Fedhas
Gozag
Makhleb
Okawaru
Sif Muna
Vehumet
The Shining One

Annotations:
D:3 Sigmund
D:6 Grinder
D:7 Joseph


Innate Abilities, Weirdness & Mutations

You have sharp fingernails.
You are partially covered in molten scales (AC +1).
You may emit foul miasma when damaged in melee.
You sometimes gain power by taking damage.
You are immune to rotting.


Message History

Drink which item? (? for menu, Esc to quit)
It was a potion of brilliance.
You feel clever all of a sudden.
Joseph hits you with an uncursed quarterstaff.
* * * LOW HITPOINT WARNING * * *
You emit a cloud of foul miasma!
Your giant gecko skeleton bites the orc.
The orc hits your giant gecko skeleton.
Drink which item? (? for menu, Esc to quit)
Okay, then.
Drink which item? (? for menu, Esc to quit)
Okay, then.
You scratch Joseph.
Joseph is almost dead.
You scratch Joseph but do no damage.
Joseph is almost dead.
Joseph is engulfed in dark miasma.
Joseph is poisoned.
Joseph seems to slow down.
Joseph hits you with an uncursed quarterstaff!
You die...

#.....#######
#...........
##Z########.
#Z.## ##.#.##
. #..Z#.#
##.o.## ##@##
# #@# . #(#
###. #.# #...
#.# ..# #.#
## ..# #.###
### .. #.#
#.... ... ..
#.# ##..# #.#
.# #.# ##...#
#.# .#


You could see Joseph (bleeding), an orc, a friendly kobold zombie, a friendly
big kobold zombie and a friendly giant gecko skeleton.

Vanquished Creatures
  Menkaure (D:6)
  A black bear (D:6)
  A big kobold (D:7)
  2 giant frogs
  2 scorpions
  A hound (D:6)
  An orc priest (D:6)
  3 orc wizards (D:6)
  5 worker ants
  A hound skeleton (D:5)
  4 gnolls (D:6)
  5 adders
  2 oozes
  3 adder skeletons
  A worm (D:2)
  7 giant geckos
  7 orcs
  4 ball pythons
  A bat skeleton (D:7)
  5 giant cockroaches
  7 goblins
  9 hobgoblins
  10 jackals
  17 kobolds
  A quokka (D:2)
  A ball python zombie (D:5)
  8 bats
  A giant cockroach zombie (D:5)
  5 giant newts
  9 rats
125 creatures vanquished.

Vanquished Creatures (collateral kills)
  A necrophage (D:5)
  2 orc priests
  A hound (D:5)
  Ijyb (D:2)
  A gnoll (D:1)
  An adder (D:2)
  A worm (D:5)
  A giant gecko (D:5)
  3 orcs (D:5)
  2 giant cockroaches
  A hobgoblin (D:2)
  3 bats
  A goblin (D:7)
  2 rats
21 creatures vanquished.

Vanquished Creatures (others)
  A sky beast (D:7)
  An orc wizard (D:5)
2 creatures vanquished.

Grand Total: 148 creatures vanquished

Notes
Turn   | Place    | Note
--------------------------------------------------------------
     0 | D:1      | Gruud, the Demonspawn Necromancer, began the quest for the Orb.
     0 | D:1      | Reached XP level 1. HP: 13/13 MP: 3/3
     2 | D:1      | Learned a level 1 spell: Animate Skeleton
   411 | D:1      | Gained mutation: You are immune to rotting. [demonic ancestry]
   411 | D:1      | Reached XP level 2. HP: 13/19 MP: 1/5
   439 | D:1      | Reached skill level 5 in Necromancy
   702 | D:1      | Gained mutation: You are partially covered in molten scales (AC +1). [demonic ancestry]
   702 | D:1      | Reached XP level 3. HP: 13/24 MP: 3/6
   703 | D:1      | +1 RF
   723 | D:1      | Learned a level 3 spell: Vampiric Draining
   859 | D:2      | Found a shadowy altar of Dithmenos.
   893 | D:2      | Became a worshipper of Dithmenos the Shadowed
   908 | D:2      | Meh, may as well go with the early altar
   997 | D:2      | Found a snail-covered altar of Cheibriados.
  1018 | D:2      | Noticed Ijyb
  1340 | D:2      | Killed Ijyb
  1340 | D:2      | Reached skill level 6 in Necromancy
  1340 | D:2      | Gained mutation: You may emit foul miasma when damaged in melee. [demonic ancestry]
  1340 | D:2      | Reached XP level 4. HP: 8/30 MP: 2/7
  1532 | D:3      | Noticed Sigmund
  1554 | D:2      | Your ally Ijyb died
  1814 | D:3      | Found a radiant altar of Vehumet.
  1890 | D:4      | Found an iron altar of Okawaru.
  1989 | D:4      | Found a blossoming altar of Fedhas.
  2022 | D:4      | Learned a level 3 spell: Regeneration
  2096 | D:4      | Noticed an ogre
  2291 | D:5      | Entered Level 5 of the Dungeon
  2302 | D:5      | Gained mutation: You sometimes gain a little power by taking damage. [demonic ancestry]
  2302 | D:5      | Reached XP level 5. HP: 24/35 MP: 3/8
  2398 | D:5      | Noticed a necrophage
  2412 | D:5      | Reached skill level 7 in Necromancy
  2460 | D:4      | Found a deep blue altar of Sif Muna.
  2731 | D:5      | Noticed a phantom
  2936 | D:6      | Noticed a black bear
  3002 | D:6      | Noticed Menkaure
  3019 | D:6      | Killed Menkaure
  3019 | D:6      | Reached XP level 6. HP: 36/41 MP: 9/9
  3136 | D:5      | Acquired Dithmenos's first power
  3295 | D:5      | Killed a necrophage
  3295 | D:5      | Reached skill level 8 in Necromancy
  3298 | D:5      | Upgraded the game from 0.17-a0-764-gd40c196 to 0.17-a0-777-g32247ce
  3428 | D:5      | Gained mutation: You have sharp fingernails. [demonic ancestry]
  3428 | D:5      | Reached XP level 7. HP: 28/46 MP: 8/10
  3429 | D:5      | Unarmed
  3714 | D:5      | Found a glowing golden altar of the Shining One.
  3839 | D:6      | Reached skill level 1 in Unarmed Combat
  4024 | D:6      | Found a staircase to the Ecumenical Temple.
  4156 | D:6      | Found an opulent altar of Gozag.
  4277 | D:6      | Found a burning altar of Makhleb.
  4378 | D:6      | Killed a black bear
  4459 | D:6      | Noticed Grinder
  4575 | D:7      | Gained mutation: You sometimes gain power by taking damage. [demonic ancestry]
  4575 | D:7      | Reached XP level 8. HP: 52/52 MP: 11/11
  4581 | D:7      | Learned a level 4 spell: Animate Dead
  4752 | D:7      | Acquired Dithmenos's second power
  4859 | D:7      | Noticed Joseph
  4903 | D:7      | Slain by Joseph

Action                   |  1- 3 |  4- 6 |  7- 9 || total
-------------------------+-------+-------+-------++-------
Melee: Dagger            |     6 |       |       ||     6
       Unarmed           |     3 |       |   338 ||   341
       Whip              |   130 |   294 |       ||   424
       Long sword        |       |    34 |       ||    34
 Fire: Blowgun           |       |       |    30 ||    30
 Cast: Pain              |    30 |    15 |       ||    45
       Animate Skeleton  |    15 |    25 |    10 ||    50
       Vampiric Draining |     8 |     8 |     5 ||    21
       Regeneration      |       |     7 |     5 ||    12
       Animate Dead      |       |       |     1 ||     1
  Use: Scroll            |       |     7 |     6 ||    13
       Potion            |       |       |     8 ||     8
 Stab: Sleeping          |     2 |     4 |     2 ||     8
       Distracted        |     1 |     1 |       ||     2
  Eat: Chunk             |     2 |    11 |     7 ||    20
